 Dungeon Crawl Stone Soup version 0.21.0-3-g78d12a8 (webtiles) character file.

4862 inmateoo the Martial Artist (level 10, -7/71 HPs)
             Began as a Barachi Venom Mage on Jan 9, 2018.
             Was a High Priest of Cheibriados.
             Mangled by an orc warlord
             ... wielding a +0 great sword
              (25 damage)
             ... in a bailey.
             The game lasted 00:16:27 (11399 turns).

inmateoo the Martial Artist (Barachi Venom Mage)   Turns: 11399, Time: 00:16:27

Health: -7/71      AC: 14    Str: 23    XL:     10   Next: 50%
Magic:  13/13      EV: 11    Int: 28    God:    Cheibriados [*****.]
Gold:   404        SH:  0    Dex: 26    Spells: 7/13 levels left

rFire    + . .     SeeInvis .     - Unarmed
rCold    . . .     Gourm    .   (no shield)
rNeg     . . .     Faith    .   u - +0 plate armour
rPois    .         Spirit   .   (no helmet)
rElec    .         Reflect  .   (no cloak)
rCorr    .         Harm     .   (no gloves)
MR       .....                  k - +0 pair of boots
Stlth    ..........             (no amulet)
HPRegen  0.21/turn              o - ring of protection from fire
MPRegen  0.13/turn              (no ring)

@: about to teleport, can't hop, very slightly contaminated, invisible, very
slow
A: +LOS, swims, slowness 1, strong legs 1
a: Hop, Bend Time, Temporal Distortion, Slouch, Step From Time, Renounce
Religion


You were in a bailey.
You worshipped Cheibriados.
Cheibriados was extremely pleased with you.
You were not hungry.

You visited 1 branch of the dungeon, and saw 8 of its levels.
You also visited: Bailey.

You collected 404 gold pieces.

Inventory:

Hand Weapons
 e - a +5 club
 g - a +3 whip of venom
Armour
 d - a +0 shield
 i - a +2 large shield
 k - a +0 pair of boots (worn)
 u - a +0 plate armour (worn)
Jewellery
 o - a ring of protection from fire (left hand)
Wands
 a - a wand of paralysis (9)
Scrolls
 f - 3 scrolls of teleportation
 l - a scroll of magic mapping
 m - 2 scrolls of acquirement {unknown}
 q - a scroll of fog
 r - 3 scrolls of remove curse
 t - a scroll of fear
Potions
 h - a potion of mutation
 j - 5 potions of curing
 n - 3 potions of magic
 p - a potion of brilliance
 v - a potion of heal wounds
Books
 b - a Young Poisoner's Handbook

   Spells                             Type                      Level
   a - Sting                          Conjuration/Poison           1
   b - Poisonous Vapours              Poison/Air                   2
   c - Mephitic Cloud                 Conjuration/Poison/Air       3
   d - Olgreb's Toxic Radiance        Poison                       4
   e - Venom Bolt                     Conjuration/Poison           5
Comestibles
 c - 6 rations
 w - a chunk of flesh


   Skills:
 - Level 4.0 Fighting
 - Level 8.0 Armour
 - Level 5.0 Dodging
 - Level 1.7 Stealth
 * Level 11.9 Unarmed Combat
 - Level 2.1 Spellcasting
 - Level 1.1 Conjurations
 - Level 3.2 Poison Magic
 + Level 4.5 Invocations


You had 7 spell levels left.
You knew the following spells:

 Your Spells              Type           Power        Failure   Level  Hunger
a - Sting                 Conj/Pois      ###.         45%         1    None
b - Poisonous Vapours     Pois/Air       ##....       67%         2    ##.....
c - Mephitic Cloud        Conj/Pois/Air  ##......     90%         3    ###....


Dungeon Overview and Level Annotations

Branches:
Dungeon (8/15)             Temple (0/1) D:6
   Lair: D:8-11

Altars:
Cheibriados
Dithmenos
Elyvilon
Fedhas
Kikubaaqudgha
Okawaru
Sif Muna
Trog
Uskayaw
Vehumet
Xom
Zin
The Shining One


Innate Abilities, Weirdness & Mutations

Shadows flee at your approach. (+LOS)
You can swim through water.
You cover ground slowly.
You can hop short distances.


Message History

The orc warlord shouts!
The orc warlord hits you with a great sword!
The orc warlord hits you with a great sword.
Okay, then.
You fade into invisibility!
The orc warlord hits you with a great sword!!
* * * LOW HITPOINT WARNING * * *
You are very lightly contaminated with residual magic.
Unknown command.
Hop to where?
Press: ? - help, Dir - move target cursor Boing!
The orc warlord hits you with a great sword.
* * * LOW HITPOINT WARNING * * *
There is an open door, spattered with blood here.
Okay, then.
As you read the scroll of teleportation, it crumbles to dust.
You feel strangely unstable.
The orc warlord hits you with a great sword!!
You die...

. #....)..... ...
#....)..... ###...
##...)..... ###.#'#
##.###.....#) ###.....###
#.....###.###. ##.........##
....... ###...
#..........8##....... #....
#..........8#........ #....
#∩....⌠....o@........ #....
#..........8#........ #....
#..........8##....... #....
##.).......###....... ###...
###.....###.###.....###.###)
###.#'#.....###.###.....#)
###.........###.....)...
#...........#.)........
#...........#))........


You could see an orc warlord.

Vanquished Creatures
  Pikel (D:4)
  The ghost of Daviar the Ruffian, a novice VSAM (D:8)
  Grinder (D:6)
  A hungry ghost (D:8)
  Menkaure (D:5)
  Edmund (D:4)
  4 slaves
  13 orc warriors
  A phantom (D:5)
  2 necrophages (D:6)
  An ogre (D:5)
  2 centaurs
  4 bullfrogs
  A scorpion (D:7)
  3 killer bees (D:5)
  2 howler monkeys
  A bullfrog zombie (D:6)
  6 crimson imps
  A quasit (D:6)
  A jelly (D:5)
  4 orc priests
  A bullfrog skeleton (D:5)
  4 hounds
  A centaur skeleton (D:4)
  Ijyb (D:4)
  7 orc wizards
  6 worker ants
  3 hound skeletons
  A howler monkey zombie (D:6)
  A worker ant zombie (D:7)
  7 gnolls
  10 adders
  2 adder skeletons (D:7)
  A worm (D:3)
  2 dart slugs (D:1)
  4 leopard geckos
  31 orcs
  5 ball pythons
  4 giant cockroaches
  27 goblins
  24 hobgoblins
  7 jackals
  10 kobolds
  3 quokkas
  9 bats
  8 frilled lizards
  A leopard gecko skeleton (D:6)
  5 rats
237 creatures vanquished.

Notes
Turn   | Place    | Note
-------+----------+-------------------------------------------
     0 | D:1      | inmateoo the Barachi Venom Mage began the quest for the Orb.
     0 | D:1      | Reached XP level 1. HP: 13/13 MP: 3/3
   393 | D:1      | Reached skill level 1 in Unarmed Combat
   507 | D:1      | Reached XP level 2. HP: 8/19 MP: 0/5
   517 | D:1      | Reached skill level 2 in Unarmed Combat
  1363 | D:1      | Reached XP level 3. HP: 23/24 MP: 3/6
  1537 | D:1      | Reached skill level 3 in Unarmed Combat
  2375 | D:2      | Reached XP level 4. HP: 23/30 MP: 3/7
  2524 | D:1      | Learned a level 2 spell: Poisonous Vapours
  2528 | D:1      | Learned a level 3 spell: Mephitic Cloud
  2632 | D:2      | Reached skill level 4 in Unarmed Combat
  2893 | D:2      | Found a shimmering altar of Xom.
  3051 | D:3      | Found an ancient bone altar of Kikubaaqudgha.
  3114 | D:3      | Found a snail-covered altar of Cheibriados.
  3127 | D:3      | Became a worshipper of Cheibriados the Contemplative
  3192 | D:3      | Found a glowing golden altar of the Shining One.
  3895 | D:3      | Found a radiant altar of Vehumet.
  4036 | D:3      | Reached XP level 5. HP: 25/35 MP: 8/8
  4207 | D:3      | Reached skill level 5 in Unarmed Combat
  4578 | D:4      | Reached skill level 1 in Fighting
  4585 | D:4      | Reached * piety under Cheibriados
  4585 | D:4      | Reached skill level 1 in Armour
  4594 | D:4      | Reached XP level 6. HP: 20/44 MP: 9/9
  5313 | D:4      | Noticed Edmund
  5338 | D:4      | Killed Edmund
  5338 | D:4      | Reached skill level 6 in Unarmed Combat
  5338 | D:4      | Reached XP level 7. HP: 34/51 MP: 10/10
  5593 | D:4      | Noticed Pikel
  5597 | D:5      | Entered Level 5 of the Dungeon
  5597 | D:5      | Found a white marble altar of Elyvilon.
  5700 | D:5      | Reached ** piety under Cheibriados
  6068 | D:4      | Killed Pikel
  6068 | D:4      | Reached skill level 7 in Unarmed Combat
  6068 | D:4      | Reached XP level 8. HP: 8/60 MP: 11/11
  6421 | D:4      | Noticed Ijyb
  6431 | D:4      | Killed Ijyb
  6813 | D:5      | Noticed Menkaure
  7019 | D:5      | Killed Menkaure
  7019 | D:5      | Reached skill level 5 in Dodging
  7019 | D:5      | Reached skill level 8 in Unarmed Combat
  7222 | D:5      | Reached skill level 5 in Armour
  7404 | D:5      | Found a shadowy altar of Dithmenos.
  7708 | D:5      | Found a deep blue altar of Sif Muna.
  7743 | D:5      | Found an iron altar of Okawaru.
  7833 | D:5      | Reached skill level 9 in Unarmed Combat
  7833 | D:5      | Reached XP level 9. HP: 65/65 MP: 12/12
  8032 | D:6      | Found a blossoming altar of Fedhas.
  8084 | D:6      | Found a bloodstained altar of Trog.
  8087 | D:6      | Found a glowing silver altar of Zin.
  8197 | D:6      | Reached skill level 1 in Invocations
  8218 | D:6      | Noticed Grinder
  8229 | D:6      | Killed Grinder
  8286 | D:6      | Reached *** piety under Cheibriados
  8338 | D:6      | Reached skill level 10 in Unarmed Combat
  8385 | D:6      | Got a heavily jewelled robe
  8396 | D:6      | Identified the +2 robe of Disappointment {rF+ rC- rCorr Stlth+} (You found it on level 6 of the Dungeon)
  8992 | D:6      | Found a staircase to the Ecumenical Temple.
  9927 | D:8      | Noticed Daviar's ghost (novice VSAM)
  9949 | D:8      | Killed Daviar's ghost
  9949 | D:8      | Reached skill level 11 in Unarmed Combat
  9949 | D:8      | Reached XP level 10. HP: 59/71 MP: 13/13
  9965 | D:8      | Found a hide-covered altar of Uskayaw.
  9977 | D:8      | Found a flagged portal.
  9998 | D:8      | Reached **** piety under Cheibriados
 10002 | Bailey   | Entered a bailey
 10199 | Bailey   | Reached ***** piety under Cheibriados
 11391 | Bailey   | Noticed an orc warlord
 11399 | Bailey   | Mangled by an orc warlord

Skill      XL: |  1  2  3  4  5  6  7  8  9 10 |
---------------+-------------------------------+-----
Unarmed Combat | 1 2 3 4 5 6 7 9 11 | 11.9
Fighting       | 1 2 3 4 |  4.0
Armour         | 1 2 3 5 7 8 |  8.0
Dodging        | 3 4 5 |  5.0
Invocations    | 3 4 |  4.5
Stealth        | |  1.7
Spellcasting   | |  2.1
Conjurations   | |  1.1
Poison Magic   | |  3.2

Action                   |  1- 3 |  4- 6 |  7- 9 | 10-12 || total
-------------------------+-------+-------+-------+-------++-------
Melee: Unarmed           |   103 |    86 |   342 |   254 ||   785
       Whip              |       |    85 |   122 |       ||   207
       Punch             |       |     2 |    26 |    13 ||    41
 Cast: Sting             |    47 |     8 |       |       ||    55
       Poisonous Vapours |       |     2 |       |       ||     2
Invok: Temporal Distorti |       |       |     1 |       ||     1
 Abil: Hop               |     1 |     1 |     4 |     2 ||     8
  Use: Scroll            |     1 |     7 |    11 |     2 ||    21
       Potion            |       |     3 |     1 |     2 ||     6
 Stab: Sleeping          |     1 |     3 |     1 |       ||     5
       Distracted        |       |     1 |       |       ||     1
  Eat: Chunk             |     5 |     7 |     4 |     2 ||    18
       Ration            |       |     1 |     3 |       ||     4
Armor: Robe              |    14 |       |       |       ||    14
       Leather armour    |    22 |    35 |       |       ||    57
       Ring mail         |       |       |   112 |       ||   112
       Plate armour      |       |       |    55 |    67 ||   122
Dodge: Dodged            |   141 |   108 |   272 |    76 ||   597
